 Dungeon Crawl Stone Soup version 0.29.1-15-g9cfb28693d (webtiles) character file.

Game seed: 8867499604003899570

196 redmage the Digger (level 6, -4/45 HPs)
             Began as a Meteoran Earth Elementalist on Sept 13, 2023.
             Slain by Edmund
             ... wielding a +2 flail of protection
              (7 damage)
             ... on level 5 of the Dungeon.
             The game lasted 00:08:43 (560 turns).

redmage the Digger (Meteoran Earth Elementalist)     Turns: 560, Time: 00:08:44

Health: -4/45      AC:  3    Str:  9    XL:     6   Next: 26%
Magic:  21/23      EV: 12    Int: 20    God:
Gold:   111        SH:  0    Dex: 14    Spells: 8/14 levels left

rFire   . . .      SeeInvis .   (no weapon)
rCold   . . .      Faith    .   (no shield)
rNeg    . . .      Spirit   .   a - +0 robe
rPois   .          Reflect  .   (no helmet)
rElec   .          Harm     .   f - +0 cloak
rCorr   .          Rampage  .   (no gloves)
Will    .....                   (no boots)
Stlth   +.........              (no amulet)
HPRegen 0.15/turn               i - ring of magical power
MPRegen 0.18/turn               (no ring)

@: weak-willed, glowing
A: sense surroundings 1, otherworldly, glowing, explore regen
a: no special abilities


You were on level 5 of the Dungeon.
You visited 1 branch of the dungeon, and saw 5 of its levels.

You collected 111 gold pieces.

Inventory:

Missiles
 c - 2 boomerangs (quivered)
Armour
 a - a +0 robe (worn)
 f - a +0 cloak (worn)
Jewellery
 i - a ring of magical power (left hand)
Potions
 b - a potion of magic
 h - a potion of flight


   Skills:
 - Level 2.4 Dodging
 - Level 1.4 Stealth
 + Level 4.8 Spellcasting
 + Level 2.7 Conjurations
 - Level 1.2 Transmutations
 + Level 5.4 Earth Magic


You had 8 spell levels left.
You knew the following spells:

 Your Spells              Type           Power      Damage    Failure   Level
a - Sandblast             Erth           52%        2d12      1%          1
b - Passwall              Tmut/Erth      15%        N/A       4%          2
c - Stone Arrow           Conj/Erth      42%        3d9       7%          3

Your spell library contained the following spells:

 Spells                   Type           Power      Damage    Failure   Level
 Slow                     Hex            16%        N/A       12%         1
 Petrify                  Tmut/Erth      18%        N/A       30%         4
 Confusing Touch          Hex            4%         N/A       34%         3
 Vampiric Draining        Necr           4%         2d6       34%         3


Dungeon Overview and Level Annotations

Branches:
Dungeon (4/15) Zot: 2408   Temple (0/1) D:4

Altars:

Annotations:
D:2 Sigmund
D:5 Edmund


Innate Abilities, Weirdness & Mutations

You passively map a small area around you.
You are easily found by Zot.
You glow in the dark.
You regain HP and MP as you explore.


Message History

Edmund says, "What use are spells, anyway?"
There is an open door here.
There is an open door here.
Edmund says, "People think my brother is the best.
I think he's crazy."
Edmund says, "I might not be good at magic, but I can still kill you!"
Found 5 stones.
Edmund says, "I might not be good at magic, but I can still kill you!"
As you read the scroll labelled ZYFAYNO FOSOCIST, it crumbles to dust.
Magic quickly surges around you.
It was a scroll of vulnerability.
As you read the scroll labelled EDADEPE HAZXESOET, it crumbles to dust.
It is a scroll of enchant weapon.
You aren't carrying any weapons that can be enchanted.
Edmund closely misses you.
Unknown command.
Edmund attacks as you move away!
Edmund hits you with a +2 flail of protection!
Edmund says, "I'm quite good with sums, too."
Edmund attacks as you move away!
Edmund hits you with a +2 flail of protection!
Edmund attacks as you move away! Edmund barely misses you.
Edmund attacks as you move away!
Edmund hits you with a +2 flail of protection.
Edmund attacks as you move away!
Edmund hits you with a +2 flail of protection!
* * * LOW HITPOINT WARNING * * *
Casting: Stone Arrow (dangerous; 7% risk of failure)
Confirm with . or Enter, or press ? or * to list all spells.
Aiming: Passwall (safe; 4% risk of failure)
Press: ? - help, Dir - move target, p - Edmund A rock wall.
Edmund hits you with a +2 flail of protection.
* * * LOW HITPOINT WARNING * * *
You begin to meditate on the wall.
You continue meditating on the rock.
Edmund closely misses you.
You continue meditating on the rock.
Edmund hits you with a +2 flail of protection.
* * * LOW HITPOINT WARNING * * *
You continue meditating on the rock.
Edmund hits you with a +2 flail of protection!
You die...

, #.....##
#....# , ,
,#....##
#.#### #.!.##
#.# * , ,
##'## #.#
##.##### #.#
* ,, #......#
#.# , * * ,,
##.###)# #.#
* ,#)..##.#
#.# , ,
#....#@###.#
*, ,
#......@...#
, ,
,##.###.#####
* * * ,,, #.#
#.# * * , #.#
#.# * , ...
..# ### * , ,
,


You could see Edmund (weak-willed).

Vanquished Creatures
  A phantom (D:5)
  An orc priest (D:3)
  An orc wizard (D:3)
  2 gnolls (D:3)
  2 worms
  2 dart slugs
  6 orcs
  3 endoplasms
  2 giant cockroaches (D:1)
  3 goblins
  2 jackals
  2 kobolds
  2 quokkas
  5 ball pythons
  A bat (D:1)
  3 frilled lizards
  A rat (D:3)
39 creatures vanquished.

Notes
Turn   | Place    | Note
-------+----------+-------------------------------------------
     0 | D:1      | redmage the Meteoran Earth Elementalist began the quest for
                  | the Orb.
     0 | D:1      | Reached XP level 1. HP: 14/14 MP: 5/5
    47 | D:1      | Reached XP level 2. HP: 20/20 MP: 2/7
    79 | D:2      | Reached skill level 4 in Earth Magic
    90 | D:2      | Learned a level 2 spell: Passwall
   105 | D:2      | Noticed Sigmund
   120 | D:1      | Reached XP level 3. HP: 21/26 MP: 6/8
   138 | D:1      | Found a faded altar of an unknown god.
   251 | D:3      | Learned a level 3 spell: Stone Arrow
   277 | D:3      | Reached XP level 4. HP: 31/33 MP: 10/10
   303 | D:3      | Reached skill level 1 in Conjurations
   354 | D:3      | Reached XP level 5. HP: 26/38 MP: 12/12
   360 | D:3      | Reached skill level 5 in Earth Magic
   373 | D:3      | You fall into a shaft and drop 2 floors!
   373 | D:5      | Entered Level 5 of the Dungeon
   398 | D:5      | Noticed a phantom
   405 | D:5      | Killed a phantom
   406 | D:5      | Reached XP level 6. HP: 35/45 MP: 14/14
   488 | D:5      | Noticed Edmund
   560 | D:5      | Slain by Edmund

Illustrated notes

Levels and vault maps discovered:
D:1:      elethiomel_arrival_quiet, layout_basic, ebering_ecumenical_altar_hall,
          minmay_misc_feat_hallway
D:2:      minmay_razor_zed, layout_loops_cross, minmay_tripent, uniq_sigmund
D:3:      lemuel_castle_with_subvaults [lemuel_castle_interior_carwin_2],
          layout_rooms, gammafunk_ghost_cemetery
D:4:      layout_cave_pools, temple_hall, ebering_ghost_sewer_d, serial_park,
          serial_park_tiny_pond, serial_shops, shop,
          nicolae_kite_square_tiling_tiny, kennysheep_nub,
          nicolae_underground_beach, uniq_pikel
D:5:      layout_loops_corners, mainiacjoe_overflow_swirl,
          biasface_ghost_orc_armoury, columned_hall_lemuel, grunt_ministairs_5,
          kennysheep_generic_room_6, uniq_edmund, uniq_ijyb, uniq_duvessa

Skill      XL: |  1  2  3  4  5 |
---------------+----------------+-----
Spellcasting   | 3 4 |  4.8
Earth Magic    | 4 5 |  5.4
Conjurations   | 1 2 |  2.7
Dodging        | |  2.4
Stealth        | |  1.4
Transmutations | |  1.2

Action                   |  1- 3 |  4- 6 || total
-------------------------+-------+-------++-------
Melee: Unarmed           |     1 |       ||     1
Throw: Boomerang         |     1 |     1 ||     2
 Cast: Sandblast         |    41 |    23 ||    64
       Passwall          |     2 |     2 ||     4
       Stone Arrow       |       |     3 ||     3
  Use: Scroll            |       |     6 ||     6
       Potion            |       |     1 ||     1
Armor: Robe              |     6 |     2 ||     8
Dodge: Dodged            |    13 |     8 ||    21
